 Dungeon Crawl Stone Soup version 0.27.1-2-g3b301248ec (webtiles) character file.

Game seed: 15003017157598640920

861 Rickety the Covered (level 8, -6/48 HPs)
             Began as a Gargoyle Fighter on Sept 22, 2021.
             Mangled by a troll (8 damage)
             ... on level 5 of the Dungeon.
             The game lasted 00:07:19 (4829 turns).

Rickety the Covered (Gargoyle Fighter)              Turns: 4829, Time: 00:07:20

Health: -6/48      AC: 14    Str: 22      XL:     8   Next: 2%
Magic:  0/8        EV:  8    Int:  9      God:
Gold:   233        SH: 10    Dex:  7 (9)  Spells: 7/7 levels left

rFire    . . .     SeeInvis .   a - +0 flail
rCold    . . .     Faith    .   c - +0 kite shield
rNeg     + . .     Spirit   +   b - +0 scale mail
rPois    ∞         Reflect  .   s - +0 helmet
rElec    +         Harm     .   (no cloak)
rCorr    .         Rampage  .   (no gloves)
Will     .....                  (no boots)
Stlth    ..........             u - amulet of guardian spirit
HPRegen  0.16/turn              (no ring)
MPRegen  0.11/turn              (no ring)

@: mighty
A: sickness immunity, AC +5, negative energy resistance 1, electricity
resistance, torment resistance 1, petrification resistance
a: no special abilities


You were on level 5 of the Dungeon.
You visited 1 branch of the dungeon, and saw 5 of its levels.

You collected 233 gold pieces.

Inventory:

Hand Weapons
 a - a +0 flail (weapon)
Armour
 b - a +0 scale mail (worn)
 c - a +0 kite shield (worn)
 o - a +0 robe of resistance
 s - a +0 helmet (worn)
Jewellery
 u - an amulet of guardian spirit (around neck)
Wands
 l - a wand of mindburst (1)
 r - a wand of polymorph (8)
Scrolls
 e - a scroll of blinking {unknown}
 f - a scroll of fog {unknown}
 g - 4 scrolls of identify
 h - a scroll of vulnerability {unknown}
 i - 3 scrolls of immolation {unknown}
 j - 4 scrolls of teleportation {unknown}
 k - 2 scrolls of magic mapping {unknown}
 m - a scroll of acquirement {unknown}
 q - 2 scrolls of noise {unknown}
Potions
 n - 2 potions of attraction
 p - a potion of magic {unknown}
 t - a potion of brilliance {unknown}


   Skills:
 + Level 4.6 Fighting
 + Level 4.9 Maces & Flails
 + Level 5.5 Armour
 + Level 2.8 Dodging
 + Level 5.4 Shields
 + Level 0.1 Evocations


You had 7 spell levels left.
You didn't know any spells.
Your spell library contained the following spells:

 Spells                   Type           Power      Damage    Failure   Level
 Conjure Flame            Conj/Fire      0%         6-21      100%        3
 Ignite Poison            Fire/Tmut/Pois 0%         N/A       100%        3
 Inner Flame              Hex/Fire       0%         N/A       100%        3
 Cause Fear               Hex            0%         N/A       100%        4
 Sticky Flame             Conj/Fire      0%         2d3       100%        4
 Discord                  Hex            0%         N/A       100%        8


Dungeon Overview and Level Annotations

Branches:
Dungeon (5/15)
 Temple: D:4-7

Altars:

Annotations:
D:5 Edmund; Icepheonix32's ghost, novice DsFi


Innate Abilities, Weirdness & Mutations

You are immune to sickness and miasma.
Your stone body is resilient. (AC +5)
You are immune to poison.
You resist negative energy. (rN+)
You are resistant to electric shocks. (rElec)
You are resistant to unholy torment.
You are immune to petrification.


Message History

The iguana bites you. You block the iguana's attack.
You hit the iguana.
You kill the iguana!
You have reached level 8!
You feel stronger.
You open the door.
There is an open door here.
A troll comes into view.
The troll shouts!
You hit the troll but do no damage. You block the troll's attack. x2
The troll barely misses you.
You barely miss the troll. You block the troll's attack. The troll claws you!
You block the troll's attack.
You thump the troll!
The troll is moderately wounded.
The troll bites you but does no damage. The troll claws you!
The troll claws you but does no damage. The troll bites you.
The troll claws you. The troll claws you!
You are too injured to fight recklessly!
You are too injured to fight recklessly!
You closely miss the troll.
The troll is moderately wounded.
The troll bites you but does no damage. The troll claws you!
* * * LOW HITPOINT WARNING * * *
The troll claws you but does no damage.
You feel very mighty all of a sudden. The troll bites you but does no damage.
The troll barely misses you. x2
You barely miss the troll.
The troll is lightly wounded.
The troll bites you but does no damage. You block the troll's attack.
The troll claws you.
* * * LOW HITPOINT WARNING * * *
You closely miss the troll.
The troll is lightly wounded.
The troll bites you but does no damage. The troll claws you.
* * * LOW HITPOINT WARNING * * *
You block the troll's attack. The troll bites you!
* * * LOW HITPOINT WARNING * * *
The troll claws you!
You die...

.....†.'..........
.......#....(......
..###.##...........
..###.#.......###.#
..#...#....#..## .#
..#...#.....#..##.#
.###.##......#.#..#
.###.#....##..#.#.#
.....#....###..#@.#
.....#....#
##..#T.#
.....'....#
#.#.#....
.....#....#
#..#.#...#
.....#....#
..##..#....
######....# #...
..#.## ###### #..#
....# #... ####
####


You could see a troll.

Vanquished Creatures
  Eustachio (D:5)
  A fire bat (D:4)
  A black bear (D:4)
  2 necrophages
  A scorpion (D:4)
  A hound (D:4)
  3 iguanas (D:5)
  Jessica (D:2)
  Robin (D:3)
  3 adders
  An ufetubus (D:4)
  A worm (D:4)
  3 dart slugs
  5 orcs (D:3)
  3 bats
  2 endoplasms (D:2)
  4 giant cockroaches
  11 goblins
  8 hobgoblins
  5 kobolds
  A quokka (D:4)
  8 ball pythons
  4 frilled lizards
  2 rats
73 creatures vanquished.

Notes
Turn   | Place    | Note
-------+----------+-------------------------------------------
     0 | D:1      | Rickety the Gargoyle Fighter began the quest for the Orb.
     0 | D:1      | Reached XP level 1. HP: 14/14 MP: 1/1
   323 | D:1      | Reached XP level 2. HP: 14/19 MP: 2/2
   943 | D:2      | Found a faded altar of an unknown god.
  1075 | D:2      | Reached XP level 3. HP: 24/24 MP: 3/3
  1078 | D:2      | Noticed Jessica
  1101 | D:2      | Killed Jessica
  1102 | D:2      | Reached XP level 4. HP: 19/29 MP: 4/4
  1488 | D:2      | Reached skill level 1 in Dodging
  2202 | D:3      | Noticed Robin
  2206 | D:3      | Noticed a necrophage
  2484 | D:2      | Killed a necrophage
  2485 | D:2      | Reached XP level 5. HP: 19/33 MP: 5/5
  2621 | D:3      | Killed Robin
  2926 | D:4      | Noticed an ogre
  3101 | D:4      | Noticed a fire bat
  3101 | D:4      | an ogre changed into a fire bat
  3124 | D:4      | Killed a fire bat
  3125 | D:4      | Reached XP level 6. HP: 24/39 MP: 6/6
  3579 | D:4      | Noticed a black bear
  3597 | D:4      | Killed a black bear
  3598 | D:4      | Reached skill level 5 in Armour
  3598 | D:4      | Reached XP level 7. HP: 11/44 MP: 0/7
  4170 | D:5      | Entered Level 5 of the Dungeon
  4170 | D:5      | Noticed Icepheonix32's ghost (novice DsFi)
  4205 | D:5      | Noticed Edmund
  4235 | D:5      | Noticed Eustachio
  4301 | D:5      | Killed Eustachio
  4302 | D:5      | Reached skill level 5 in Shields
  4768 | D:5      | Reached XP level 8. HP: 44/48 MP: 8/8
  4822 | D:5      | Noticed a troll
  4829 | D:5      | HP: 2/48 [troll (8)]
  4829 | D:5      | Mangled by a troll

Illustrated notes

Levels and vault maps discovered:
D:1:      dpeg_arrival_rooms_a, layout_rooms
D:2:      layout_basic, ebering_ecumenical_altar_mist, minmay_diced_spiral,
          uniq_jessica
D:3:      layout_rooms, small_statue_intersection, uniq_robin
D:4:      layout_loops_cross, item_on_display_b
D:5:      layout_gridville, mainiacjoe_overflow_catwalk,
          hellmonk_ghost_happy_afterlife, st_stairs_2,
          hangedman_abyss_or_decor_slice, uniq_eustachio, uniq_edmund

Skill      XL: |  1  2  3  4  5  6  7 |
---------------+----------------------+-----
Dodging        | 1 2 |  2.8
Fighting       | 4 |  4.6
Armour         | 4 5 |  5.5
Maces & Flails | 3 4 |  4.9
Shields        | 4 5 |  5.4
Evocations     | |  0.1

Action                   |  1- 3 |  4- 6 |  7- 9 || total
-------------------------+-------+-------+-------++-------
Melee: Flail             |    68 |   200 |    82 ||   350
Evoke: Wand              |       |     1 |     2 ||     3
  Use: Potion            |       |     1 |     2 ||     3
       Scroll            |       |       |     1 ||     1
Armor: Scale mail        |    43 |   132 |   115 ||   290
       Skin              |       |       |    82 ||    82
Dodge: Dodged            |    18 |    87 |    95 ||   200
Block: Kite shield       |    39 |   134 |   116 ||   289
